 Dungeon Crawl Stone Soup version 0.21-a0-528-gf531e82 (webtiles) character file.

193848 Lavandula the Zephyrmancer (level 17, 8/130 HPs)
             Began as a Mummy Chaos Knight on Nov 29, 2017.
             Quit the game in a wizard's laboratory on Dec 8, 2017.
             The game lasted 03:28:39 (42745 turns).

Lavandula the Zephyrmancer (Mummy Chaos Knight)    Turns: 42745, Time: 03:28:40

Health: 8/130      AC: 19    Str: 18    XL:     17   Next: 65%
Magic:  0/27       EV: 15    Int: 22    God:    Xom [.....*]
Gold:   741        SH:  7    Dex: 12    Spells: 2/30 levels left

rFire    . . .     SeeInvis +   F - +9 dagger (elec)
rCold    . . .     Gourm    .   H - +2 buckler {AC+3}
rNeg     + + +     Faith    .   Y - +4 ring mail of the Heavens {*Corrode rN+++ MR++ Slay+3}
rPois    ∞         Spirit   +   i - +0 helmet of the Nexus {*Drain +Inv MR+ rCorr}
rElec    .         Reflect  .   D - scarf {Spirit}
rCorr    +         Harm     .   u - +1 pair of gloves
MR       +++++                  C - +0 pair of boots {run}
Stlth    +++.......             o - amulet of magic regeneration
HPRegen  0.31/turn              G - ring "Ezaog" {Fire Int+7}
MPRegen  0.45/turn              x - ring of see invisible

@: very slightly contaminated, deflect missiles, quick
A: no food or potions, fire vulnerability, cold resistance 1, negative energy
resistance 3, torment resistance, unbreathing, in touch with death 1
}: 1/15 runes: barnacled
a: Renounce Religion, Evoke Invisibility


You were in a wizard's laboratory.
You worshipped Xom.
You were Xom's teddy bear.
You were not hungry.

You visited 6 branches of the dungeon, and saw 29 of its levels.
You also visited: Bailey, Ice Cave and Wizlab.

You collected 4252 gold pieces.
You spent 3511 gold pieces at shops.

Inventory:

Hand Weapons
 F - a +9 dagger of electrocution (weapon)
Missiles
 j - 8 tomahawks of returning
 r - 9 throwing nets
 y - 50 javelins (quivered)
Armour
 a - a +2 robe of fire resistance
 i - the +0 helmet of the Nexus (worn) {*Drain +Inv MR+ rCorr}
   (You found it in an ice cave)

   It affects your resistance to hostile enchantments.
   It lets you turn invisible.
   It protects you from acid and corrosion.
   It causes draining when unequipped.
 k - a scarf of resistance
 u - a +1 pair of gloves (worn)
 C - a +0 pair of boots of running (worn)
 D - a scarf of spirit shield (worn)
 H - a +2 buckler of protection (worn)
 Y - the +4 ring mail of the Heavens (worn) {*Corrode rN+++ MR++ Slay+3}
   (You found it on level 6 of the Lair of Beasts)

   It affects your accuracy and damage with ranged weapons and melee attacks
   (+3).
   It renders you almost immune to negative energy.
   It affects your resistance to hostile enchantments.
   It may corrode you when you take damage.
Magical Staves
 n - an uncursed staff of air
 B - an uncursed staff of wizardry
Jewellery
 o - an amulet of magic regeneration (around neck)
 p - an uncursed ring of stealth
 t - an uncursed ring of wizardry
 x - a ring of see invisible (right hand)
 G - the ring "Ezaog" (left hand) {Fire Int+7}
   (You found it on level 2 of the Shoals)

   [ring of fire]

   It enhances your fire magic.
   It affects your intelligence (+7).
   It protects you from fire.
   It makes you vulnerable to cold.
 T - a +3 ring of evasion
Wands
 b - a wand of polymorph (10)
 e - a wand of disintegration (20)
 f - a wand of acid (9)
 g - a wand of flame (51)
 m - a wand of clouds (8)
 z - a wand of scattershot (6)
 I - a wand of random effects (75)
 R - a wand of paralysis (35)
 S - a wand of enslavement (13)
Scrolls
 c - 3 scrolls of fog
 K - 7 scrolls of remove curse
 M - 2 scrolls of torment
 O - 3 scrolls of fear
 Q - 3 scrolls of vulnerability
 V - 6 scrolls of identify
Miscellaneous
 h - a lamp of fire
 v - a lightning rod (1/4)
 J - a phial of floods (inert)
 Z - a fan of gales (inert)


   Skills:
 - Level 10.8 Fighting
 - Level 10.0 Short Blades
 - Level 9.1 Armour
 - Level 8.9 Dodging
 - Level 9.3 Stealth
 - Level 5.1 Shields
 - Level 7.0 Spellcasting
 - Level 3.9 Conjurations
 - Level 4.7 Hexes
 - Level 4.8 Charms
 + Level 8.1 Summonings
 - Level 4.1 Necromancy
 - Level 4.0 Translocations
 - Level 4.6 Fire Magic
 - Level 11.1 Air Magic
 - Level 3.7 Poison Magic
 - Level 4.8 Evocations


You had 2 spell levels left.
You knew the following spells:

 Your Spells              Type           Power        Failure   Level  Hunger
a - Swiftness             Chrm/Air       #####...     1%          2    N/A
b - Shroud of Golubria    Chrm/Tloc      ####......   3%          2    N/A
c - Animate Skeleton      Necr           N/A          2%          1    N/A
d - Blink                 Tloc           N/A          3%          2    N/A
e - Mephitic Cloud        Conj/Pois/Air  #####...     3%          3    N/A
f - Spectral Weapon       Hex/Chrm       ####....     5%          3    N/A
g - Apportation           Tloc           ####..       2%          1    N/A
h - Conjure Flame         Conj/Fire      #####...     7%          3    N/A
i - Summon Butterflies    Summ           #####...     1%          1    N/A
j - Deflect Missiles      Chrm/Air       #####.....   58%         6    N/A
k - Summon Lightning Spi  Summ/Air       ######..     2%          4    N/A

Dungeon Overview and Level Annotations

Branches:
Dungeon (15/15)            Temple (0/1) D:7            Lair (6/6) D:10
 Shoals (4/4) Lair:4       Spider (1/4) Lair:2        Slime (0/5) Lair:5
    Orc (2/2) D:10            Elf (1/3) Orc:2        Vaults (0/5) D:13
 Depths (0/5) D:15

Altars:
Ashenzari
Dithmenos
Nemelex Xobeh
Okawaru
Xom
The Shining One

Shops:
D:13 (?*   Orc:1 !   Orc:2 ([}:

Portals:
Trove: D:11 (give +7 demon blade)

Annotations:
D:2 Jessica
D:4 Regeox's ghost, amateur HOCK
D:8 4 runed doors
Lair:1 exclusion: oklob plant
Lair:4 Kirke
Lair:5 Rupert
Shoals:2 Mara
Spider:1 Asterion!, Asterion


Innate Abilities, Weirdness & Mutations

You do not eat or drink.
Your flesh is vulnerable to fire.
You are immune to poison.
Your flesh is cold resistant. (rC+)
You are immune to negative energy. (rN+++)
You are immune to unholy pain and torment.
You can survive without breathing.
You are in touch with the powers of death.


Message History

Unknown command.
Casting: Blink
Confirm with . or Enter, or press ? or * to list all spells.
You blink.
Unknown command.
Casting: Blink
Confirm with . or Enter, or press ? or * to list all spells.
You blink.
The soul eater hits you but does no damage.
Casting: Blink
Confirm with . or Enter, or press ? or * to list all spells.
You don't have enough magic to cast that spell.
Evoke which item? (* to show all) (? for menu, Esc to quit)
Okay, then.
Okay, then.
You can't drink.
Unknown command.
Okay, then.
Okay, then.
Are you sure you want to abandon this character and quit the game? (Confirm with "yes".)

..................##
..2#.....#.........#
....##!.?##.........##
... ##.##...........#
.. ..............#
##.##..........#
.....##?.!##....2...##
.....#.....#...3...##
................@###
#....#.....#.3..##
#....##...##.3..#
#....##.##....##
#....6......#
#...........#
##........§##
##.......## ###'''###


You could see a balrug, a soul eater, a sun demon and a sixfirhy.

Vanquished Creatures
  Agnes (Spider:1)
  2 krakens
  A sphinx (D:12)
  Roxanne (Shoals:3)
  Ilsuiw (Shoals:4)
  A ghost moth (Lair:6)
  An orc warlord (Orc:1)
  A balrug (WizLab)
  A stone giant (Orc:2)
  A dire elephant (Shoals:2)
  4 merfolk javelineers
  8 merfolk impalers
  9 vault guards
  A rakshasa (D:15)
  An ice dragon (D:14)
  6 hydras
  3 catoblepae
  4 merfolk aquamancers
  3 centaur warriors
  2 merfolk avatars
  2 two-headed ogres (shapeshifter)
  An alligator (Shoals:4)
  6 satyrs
  2 alligator snapping turtles (Shoals:4)
  A death knight (D:14)
  3 orc high priests
  6 two-headed ogres
  12 death yaks
  3 tengu warriors
  2 deep elf knights (Elf:1)
  2 unseen horrors
  An unseen horror (shapeshifter) (D:15)
  A shadow demon (WizLab)
  11 sea snakes
  A glowing orange brain (D:15)
  2 deep elf archers
  2 phantasmal warriors (D:14)
  13 deep elf magi
  10 harpies
  A wolf spider (Spider:1)
  A wolf spider zombie (D:13)
  An orb spider (Spider:1)
  9 manticores
  21 fauns
  6 cyclopes
  4 orc knights (Orc:1)
  10 ugly things
  7 orc sorcerers
  10 merfolk sirens
  9 elephants (Lair:3)
  2 moths of wrath (Spider:1)
  2 black mambas
  5 spiny frogs
  6 gargoyles
  8 water nymphs
  A molten gargoyle (Lair:6)
  5 komodo dragons
  A tormentor (WizLab)
  An ice devil (WizLab)
  A rime drake (IceCv)
  7 demonic crawlers (Spider:1)
  3 tengu conjurers
  7 trolls
  7 polar bears (IceCv)
  21 merfolk
  A troll (shapeshifter) (D:15)
  8 wind drakes
  10 jumping spiders (Spider:1)
  Grinder (D:4)
  5 hippogriffs
  A slime creature (D:15)
  14 dream sheep
  9 snapping turtles
  A tarantella (Spider:1)
  4 redbacks (Spider:1)
  A vampire (D:15)
  2 wraiths
  62 yaks
  A spriggan (D:8)
  6 water elementals
  A ynoxinul (WizLab)
  3 fire bats (Lair:6)
  A wyvern (D:7)
  2 hogs (Lair:4)
  A fire bat (shapeshifter) (D:15)
  Grum (D:8)
  5 basilisks
  A golden eye (shapeshifter) (D:15)
  A hungry ghost (D:11)
  A golden eye (Lair:6)
  Eustachio (D:5)
  4 vampire mosquitoes (D:12)
  9 wargs
  An acid dragon (Lair:1)
  2 porcupines
  9 water moccasins
  3 sky beasts
  36 orc warriors
  2 hornet zombies
  A necrophage (D:12)
  10 ogres
  15 wolves
  10 centaurs
  14 crocodiles
  A crocodile (shapeshifter) (Shoals:2)
  A big kobold (shapeshifter) (D:15)
  A big kobold (D:9)
  16 bullfrogs
  A wyvern zombie (D:11)
  4 scorpions
  2 killer bees (D:13)
  5 wights
  5 electric eels
  A howler monkey (D:5)
  10 crimson imps
  2 lava snakes (D:11)
  4 centaur zombies
  45 orc wizards
  35 orc priests
  3 bullfrog skeletons
  6 centaur skeletons
  6 hounds
  Crazy Yiuf (D:7)
  7 iguanas
  9 worker ants
  A killer bee zombie (D:7)
  3 hound skeletons
  4 mummies
  18 gnolls
  A river rat (Orc:2)
  7 adders
  A shadow imp (D:6)
  An ooze (D:1)
  An adder skeleton (D:10)
  2 adder zombies
  2 worms
  2 dart slugs
  6 leopard geckos
  92 orcs
  6 giant cockroaches
  10 goblins
  6 hobgoblins
  8 jackals
  14 kobolds
  5 quokkas
  A ball python (D:7)
  7 bats
  A frilled lizard (D:2)
  A leopard gecko skeleton (D:5)
  A quokka skeleton (D:4)
  7 rats
  3 plants (Shoals:4)
  4 tentacles
929 creatures vanquished.

Vanquished Creatures (collateral kills)
  A fire giant (D:12)
  A frost giant (IceCv)
  A merfolk impaler (Shoals:4)
  Fannar (Lair:3)
  A hydra (Lair:6)
  A catoblepas (Lair:6)
  An alligator snapping turtle (Shoals:2)
  A satyr (Shoals:4)
  2 merfolk avatars (Shoals:4)
  3 death yaks
  3 merfolk aquamancers
  2 two-headed ogres
  Sonja (D:13)
  A slime creature (D:15)
  A wizard (D:12)
  An ugly thing (D:14)
  2 orc sorcerers
  2 cyclopes
  3 fauns
  2 manticores
  8 elephants (Lair:3)
  5 merfolk sirens
  4 water nymphs
  A red devil (WizLab)
  A troll (Orc:1)
  6 merfolk
  A polar bear (IceCv)
  A hippogriff (Lair:6)
  2 snapping turtles
  A spriggan (Lair:3)
  10 yaks
  A black bear (D:12)
  2 orc warriors
  A wolf (IceCv)
  A crocodile (Lair:3)
  A bullfrog (Lair:5)
  A gnoll sergeant (D:6)
  A killer bee (D:13)
  A howler monkey (D:11)
  2 orc wizards
  3 orc priests
  A worker ant (D:13)
  A shadow imp (D:12)
  7 orcs
  A goblin (D:11)
  A fire vortex (Lair:6)
  3 fungi
  4 plants
  2 tentacles (Shoals:3)
105 creatures vanquished.

Vanquished Creatures (others)
  3 dancing weapons
  A death yak (Shoals:2)
  2 two-headed ogres
  A rime drake (IceCv)
  5 polar bears (IceCv)
  2 wind drakes
  2 dream sheep
  5 yaks (IceCv)
  A hog (Lair:4)
  4 wolves (IceCv)
  An ogre (Orc:1)
  A bullfrog skeleton (D:5)
  55 fungi
  46 plants
  5 spectral weapons
  31 tentacles
165 creatures vanquished.

Grand Total: 1199 creatures vanquished

Notes
Turn   | Place    | Note
-------+----------+-------------------------------------------
     0 | D:1      | Lavandula the Mummy Chaos Knight began the quest for the Orb.
     0 | D:1      | Reached XP level 1. HP: 18/18 MP: 1/1
    77 | D:1      | XOM: harmless Tmut miscast
   105 | D:1      | Reached XP level 2. HP: 19/24 MP: 2/2
   113 | D:1      | Found a shattered altar of Ashenzari.
   256 | D:1      | XOM: mild Necr miscast
   260 | D:1      | You fall through a shaft!
   288 | D:2      | XOM: harmless Ice miscast
   293 | D:2      | XOM: divination: magic mapping
   412 | D:1      | XOM: divination: detect creatures
   625 | D:1      | XOM: mild Chrm miscast
   701 | D:1      | Reached XP level 3. HP: 27/29 MP: 3/3
   950 | D:2      | XOM: polymorph adder -> howler monkey
  1139 | D:2      | Noticed Jessica
  1524 | D:3      | Reached XP level 4. HP: 30/35 MP: 4/4
  2191 | D:3      | XOM: 2-stop teleportation journey
  2533 | D:4      | Noticed Regeox's ghost (amateur HOCK)
  2533 | D:4      | XOM: 1-stop teleportation journey
  2543 | D:4      | Reached XP level 5. HP: 30/41 MP: 5/5
  2556 | D:4      | Reached skill level 5 in Short Blades
  2620 | D:4      | XOM: smoke on damage
  2638 | D:4      | XOM: noise
  2693 | D:3      | XOM: noise
  2908 | D:4      | Noticed Grinder
  3234 | D:3      | Reached skill level 1 in Dodging
  3322 | D:4      | Reached XP level 6. HP: 47/47 MP: 6/6
  3341 | D:4      | XOM: polymorph quokka -> goblin
  3519 | D:4      | Paralysed by Grinder for 7 turns
  3561 | D:4      | Paralysed by Grinder for 3 turns
  3562 | D:4      | XOM: smoke on damage
  3567 | D:4      | Killed Grinder
  3567 | D:4      | Reached XP level 7. HP: 21/55 MP: 7/7
  3815 | D:4      | XOM: harmless Pois miscast
  3817 | D:4      | Reached skill level 5 in Fighting
  4191 | D:5      | Entered Level 5 of the Dungeon
  4198 | D:5      | Got a pearl-encrusted leather armour
  4209 | D:5      | Identified the cursed +1 leather armour of Febropt {Int+2} (You found it on level 5 of the Dungeon)
  4320 | D:5      | XOM: 7-stop teleportation journey
  4613 | D:5      | Got a brightly glowing robe
  4641 | D:5      | Found a sparkling altar of Nemelex Xobeh.
  4775 | D:5      | Noticed Eustachio
  4804 | D:5      | XOM: confusion (+ monsters)
  4815 | D:5      | XOM: summons friendly crimson imp
  4821 | D:5      | Killed Eustachio
  4861 | D:5      | XOM: mild Hex miscast
  4879 | D:5      | Identified the cursed +0 robe of Tenacity {Int+3} (You found it on level 5 of the Dungeon)
  5081 | D:5      | Reached XP level 8. HP: 32/62 MP: 8/8
  5288 | D:6      | XOM: summons 8 friendly demons
  5386 | D:6      | XOM: 1-stop teleportation journey
  5389 | D:6      | XOM: confusion (+ monsters)
  5429 | D:6      | XOM: fake destruction
  5518 | D:6      | Found a glowing golden altar of the Shining One.
  5615 | D:6      | XOM: swap monsters
  5756 | D:6      | XOM: god gift: 19 gold pieces
  5785 | D:6      | XOM: potion effect (curing)
  6259 | D:6      | XOM: divination: detect items
  6422 | D:7      | Reached skill level 5 in Armour
  6555 | D:7      | XOM: noise
  6884 | D:7      | XOM: mild Chrm miscast
  6891 | D:7      | Reached XP level 9. HP: 66/68 MP: 9/9
  7054 | D:7      | XOM: stat loss: -1 Dex (11/12)
  7055 | D:7      | Found a staircase to the Ecumenical Temple.
  7063 | D:7      | Found a runed door.
  7146 | D:7      | Noticed Crazy Yiuf
  7156 | D:7      | Killed Crazy Yiuf
  7208 | D:7      | XOM: chaos upgrade
  7308 | D:7      | XOM: scenery: create altars
  7340 | D:8      | XOM: summons 4 hostile demons
  7426 | D:8      | Learned a level 2 spell: Swiftness
  7640 | D:8      | XOM: 2-stop teleportation journey
  7694 | D:8      | Got a faintly glowing falchion
  7791 | D:8      | Identified the cursed +0 falchion of Risk Management {elec, Int+4} (You found it on level 8 of the Dungeon)
  7824 | D:8      | XOM: severe Ice miscast
  7850 | D:8      | Noticed Grum
  7850 | D:8      | XOM: cast spell 'Cause Fear'
  7907 | D:8      | XOM: fog
  8089 | D:8      | XOM: summons 2 hostile shadow creatures
  8218 | D:8      | XOM: smoke on damage
  8246 | D:8      | Found a shadowy altar of Dithmenos.
  8247 | D:8      | Found an iron altar of Okawaru.
  8328 | D:8      | Found a huge runed gate.
  8328 | D:8      | Noticed a polar bear
  8328 | D:8      | Noticed a death yak
  8329 | D:8      | Noticed a polar bear
  8329 | D:8      | Found a huge runed gate.
  8329 | D:8      | Found a huge runed gate.
  8329 | D:8      | Found a huge runed gate.
  8329 | D:8      | Noticed a polar bear
  8329 | D:8      | Noticed a polar bear
  8330 | D:8      | Noticed a polar bear
  8331 | D:8      | Noticed a polar bear
  8331 | D:8      | Noticed a polar bear
  8337 | D:8      | Noticed a manticore
  8565 | D:8      | XOM: mild Pois miscast
  8572 | D:8      | XOM: scenery: create altars
  8581 | D:8      | XOM: fog
  8594 | D:8      | XOM: enchant monster (good)
  8722 | D:7      | XOM: cloud trail
  8784 | D:7      | XOM: god gift: 21 stones
  8872 | D:8      | XOM: harmless Pois miscast
  8877 | D:8      | XOM: mild Hex miscast
  8882 | D:8      | Killed Grum
  9091 | D:8      | XOM: medium Conj miscast
  9132 | D:8      | Noticed a two-headed ogre
  9216 | D:8      | XOM: scenery: create altars
  9331 | D:7      | Identified Xom's Grimoire of Destiny (Xom gifted it to you on level 7 of the Dungeon)
  9331 | D:7      | XOM: god gift: Xom's Grimoire of Destiny
  9348 | D:7      | Learned a level 2 spell: Shroud of Golubria
  9602 | D:8      | Reached skill level 1 in Spellcasting
  9641 | D:8      | Reached skill level 1 in Charms
  9836 | D:9      | XOM: scenery: create altars
  9992 | D:9      | XOM: god gift: 24 gold pieces
 10028 | D:9      | Noticed a two-headed ogre
 10057 | D:9      | XOM: destruction
 10077 | D:9      | XOM: summons 9 friendly demons
 10087 | D:9      | Killed a two-headed ogre
 10087 | D:9      | Reached XP level 10. HP: 82/82 MP: 14/14
 10147 | D:9      | XOM: cast spell 'Alistair's Intoxication'
 10330 | D:9      | XOM: cloud trail
 10606 | D:9      | XOM: potion effect (agility)
 10630 | D:9      | XOM: enchant monster (bad)
 10637 | D:9      | XOM: blink monster(s)
 10646 | D:9      | XOM: divination: magic mapping
 10910 | D:9      | XOM: smoke on damage
 11018 | D:10     | Entered Level 10 of the Dungeon
 11019 | D:10     | Noticed a two-headed ogre
 11112 | D:10     | XOM: harmless Chrm miscast
 11146 | D:10     | XOM: confusion (+ monsters)
 11156 | D:10     | XOM: noise
 11176 | D:10     | XOM: blink monster(s)
 11236 | D:10     | XOM: summons 2 friendly demons
 11250 | D:10     | XOM: fake destruction
 11256 | D:10     | Reached skill level 10 in Short Blades
 11349 | D:10     | XOM: enchant monster (good)
 11503 | D:10     | Found a staircase to the Lair.
 11507 | D:10     | XOM: harmless Air miscast
 11741 | D:10     | Found a staircase to the Orcish Mines.
 12416 | D:11     | Killed an unseen horror
 12416 | D:11     | Reached XP level 11. HP: 71/87 MP: 13/15
 12427 | D:11     | Noticed a vault guard
 12440 | D:11     | XOM: summons 3 friendly demons
 12443 | D:11     | Found a flagged portal.
 12451 | D:11     | XOM: divination: detect creatures
 12457 | Bailey   | Entered a bailey
 12533 | Bailey   | Noticed anet's ghost (novice DEWz)
 12534 | Bailey   | Noticed an orc knight
 12538 | Bailey   | XOM: confuse monster(s)
 12542 | Bailey   | HP: 4/87 [anet's ghost/stone arrow (37)]
 12553 | D:11     | HP: 3/87 [vault guard/battleaxe (3)]
 12555 | D:11     | XOM: swap monsters
 12802 | D:11     | XOM: 1-stop teleportation journey
 12857 | D:10     | XOM: severe Tmut miscast
 12995 | Lair:1   | Entered Level 1 of the Lair of Beasts
 13013 | Lair:1   | XOM: enchant monster (bad)
 13015 | Lair:1   | XOM: harmless Summ miscast
 13022 | Lair:1   | Reached skill level 5 in Dodging
 13027 | Lair:1   | XOM: cleaving
 13047 | Lair:1   | XOM: summons friendly quasit
 13111 | Lair:1   | Learned a level 1 spell: Animate Skeleton
 13113 | Lair:1   | Learned a level 1 spell: Apportation
 13164 | Lair:1   | XOM: 1-stop teleportation journey
 13181 | Lair:1   | XOM: 5-stop teleportation journey
 13225 | Lair:1   | XOM: polymorph crocodile -> acid dragon
 13376 | Lair:1   | Found a frozen archway.
 13381 | Lair:1   | XOM: confuse monster(s)
 13388 | IceCv    | Entered an ice cave
 13599 | IceCv    | Got a translucent helmet
 13601 | IceCv    | Identified the +0 helmet of the Nexus {*Drain +Inv MR+ rCorr} (You found it in an ice cave)
 13634 | IceCv    | Reached skill level 1 in Evocations
 13696 | IceCv    | Reached skill level 1 in Necromancy
 13986 | IceCv    | XOM: divine lightning
 14012 | IceCv    | XOM: scenery: create altars
 14124 | IceCv    | XOM: fake destruction
 14212 | IceCv    | Noticed a frost giant
 14287 | IceCv    | XOM: god gift: glass ring {god gift}
 14356 | IceCv    | XOM: destruction
 14586 | IceCv    | XOM: divination: detect items
 15089 | IceCv    | XOM: enchant monster (good)
 15139 | IceCv    | XOM: fake destruction
 15162 | IceCv    | Killed a frost giant
 15197 | IceCv    | Got a transparent trident
 15231 | Lair:1   | Identified the +8 trident "Ceapeohe" {pierce, *Corrode +Rage rN++ Int+4} (You found it in an ice cave)
 15440 | Lair:1   | XOM: cloud trail
 15476 | Lair:1   | XOM: summons friendly ufetubus
 15478 | Lair:1   | Reached skill level 1 in Stealth
 15485 | Lair:1   | XOM: swap monsters
 15491 | Lair:1   | XOM: summons 8 friendly demons
 15494 | Lair:1   | XOM: potion effect (invisibility)
 15535 | Lair:1   | Reached XP level 12. HP: 87/94 MP: 16/16
 15649 | Lair:1   | XOM: mild Conj miscast
 15728 | Lair:1   | XOM: scenery: create altars
 15854 | Lair:1   | XOM: mild Pois miscast
 16121 | Lair:2   | Found a hole to the Spider Nest.
 16570 | Lair:2   | XOM: summons 2 friendly demons
 16585 | Lair:2   | XOM: polymorph ufetubus -> white imp
 16587 | Lair:2   | XOM: confuse monster(s)
 16707 | Lair:3   | Reached skill level 5 in Stealth
 16715 | Lair:3   | Noticed an eight-headed hydra
 16719 | Lair:3   | Killed an eight-headed hydra
 16727 | Lair:3   | XOM: silly message
 17084 | Lair:3   | Noticed a seven-headed hydra
 17090 | Lair:3   | XOM: noise
 17096 | Lair:3   | Killed a seven-headed hydra
 17119 | Lair:3   | XOM: 3-stop teleportation journey
 17120 | Lair:3   | Noticed a dire elephant
 17127 | Lair:3   | XOM: fog
 17141 | Lair:3   | XOM: destruction
 17150 | Lair:3   | XOM: summons friendly ufetubus
 17160 | Lair:3   | Noticed Fannar
 17176 | Lair:3   | XOM: 5-stop teleportation journey
 17177 | Lair:3   | Noticed a death yak
 17177 | Lair:3   | a dire elephant changed into a death yak
 17177 | Lair:3   | XOM: polymorph dire elephant -> death yak
 17179 | Lair:3   | XOM: destruction
 17185 | Lair:3   | XOM: summons 4 friendly demons
 17192 | Lair:3   | Killed a death yak
 17263 | Lair:3   | Killed Fannar
 17363 | Lair:3   | XOM: scenery: create altars
 17581 | Lair:4   | Found a staircase to the Shoals.
 17632 | Lair:4   | XOM: fog
 17773 | Lair:4   | XOM: 2-stop teleportation journey
 17828 | Lair:4   | XOM: confuse monster(s)
 18168 | Lair:4   | Noticed Kirke
 18168 | Lair:4   | XOM: swap monsters
 18187 | Lair:4   | Noticed Kirke
 18187 | Lair:4   | Kirke changed into Kirke the stone giant
 18187 | Lair:4   | XOM: polymorph Kirke -> Kirke the stone giant
 18204 | Lair:4   | XOM: scenery: create altars
 18208 | Lair:4   | XOM: confusion (+ monsters)
 18227 | Lair:4   | XOM: divine lightning
 18236 | Lair:4   | XOM: mild Pois miscast
 18509 | Lair:3   | XOM: stat loss: -1 Int (13/14)
 18640 | Lair:5   | Noticed a five-headed hydra
 18707 | Lair:5   | XOM: harmless Tmut miscast
 18718 | Lair:5   | Killed a five-headed hydra
 18718 | Lair:5   | Gained mutation: You are in touch with the powers of death. [Mummy growth]
 18718 | Lair:5   | Reached XP level 13. HP: 33/99 MP: 6/17
 18723 | Lair:5   | XOM: polymorph wolf -> wolf
 18915 | Lair:4   | XOM: noise
 19001 | Lair:5   | XOM: mild Pois miscast
 19042 | Lair:5   | Noticed Rupert
 19093 | Lair:5   | XOM: fog
 19101 | Lair:5   | XOM: scenery: create altars
 19136 | Lair:5   | XOM: divination: magic mapping
 19153 | Lair:5   | XOM: god gift: 51 gold pieces
 19201 | Lair:5   | XOM: cloud trail
 19247 | Lair:5   | XOM: 2-stop teleportation journey
 19249 | Lair:5   | Found a staircase to the Slime Pits.
 19313 | Lair:5   | XOM: 2-stop teleportation journey
 19334 | Lair:5   | XOM: destruction
 19669 | Lair:5   | Learned a level 3 spell: Mephitic Cloud
 19678 | Lair:6   | Entered Level 6 of the Lair of Beasts
 19751 | Lair:6   | XOM: summons 11 friendly demons
 19796 | Lair:6   | Noticed a ghost moth
 19796 | Lair:6   | a death yak changed into a ghost moth
 19796 | Lair:6   | XOM: polymorph death yak -> ghost moth
 19799 | Lair:6   | XOM: medium Erth miscast
 19800 | Lair:6   | XOM: cast spell 'Olgreb's Toxic Radiance'
 19803 | Lair:6   | XOM: enchant monster (good)
 19804 | Lair:6   | Killed a ghost moth
 19944 | Lair:6   | XOM: cleaving
 19946 | Lair:6   | XOM: scenery: create altars
 19953 | Lair:6   | XOM: summons friendly ufetubus
 19963 | Lair:6   | XOM: scenery: create altars
 19975 | Lair:5   | XOM: confuse monster(s)
 19976 | Lair:5   | XOM: harmless Conj miscast
 20267 | Lair:6   | XOM: summons friendly quasit
 20292 | Lair:5   | XOM: cloud trail
 20415 | Lair:5   | XOM: swap monsters
 20429 | Lair:5   | XOM: repel stairs
 20441 | Lair:5   | XOM: harmless Fire miscast
 20447 | Lair:5   | XOM: fog
 20452 | Lair:5   | XOM: smoke on damage
 20726 | Lair:5   | XOM: summons friendly crimson imp
 20740 | Lair:6   | XOM: polymorph death yak -> four-headed hydra
 20749 | Lair:5   | Reached skill level 1 in Translocations
 20975 | Lair:6   | XOM: polymorph yak -> golden eye
 21303 | Lair:6   | Got a bloodstained ring mail
 21314 | Lair:6   | Identified the +4 ring mail of the Heavens {*Corrode rN+++ MR++ Slay+3} (You found it on level 6 of the Lair of Beasts)
 21370 | Lair:6   | XOM: summons friendly red devil
 21386 | Lair:6   | XOM: fake destruction
 21406 | Lair:6   | XOM: cleaving
 21408 | Lair:6   | XOM: cleaving
 21413 | Lair:6   | XOM: divination: detect items
 21713 | Lair:6   | XOM: god gift: 16 bolts
 21763 | Lair:6   | Reached skill level 1 in Conjurations
 21763 | Lair:6   | Reached skill level 1 in Air Magic
 21763 | Lair:6   | Reached skill level 1 in Poison Magic
 21772 | Lair:6   | XOM: summons 10 friendly demons
 21802 | Lair:6   | XOM: god gift: glaive {god gift}
 21840 | Lair:6   | XOM: divination: detect items
 21843 | Lair:6   | XOM: god gift: fan of gales
 21857 | Lair:6   | Reached skill level 2 in Air Magic
 21989 | Lair:6   | XOM: god gift: 18 stones
 22439 | Orc:1    | Entered Level 1 of the Orcish Mines
 22457 | Orc:1    | XOM: confuse monster(s)
 22466 | Orc:1    | XOM: noise
 22479 | Orc:1    | Reached XP level 14. HP: 106/106 MP: 18/18
 22558 | Orc:1    | XOM: enchant monster (good)
 22971 | Orc:1    | XOM: harmless Pois miscast
 23101 | Orc:1    | Reached skill level 3 in Air Magic
 23111 | Orc:1    | XOM: summons friendly shadow imp
 23384 | Orc:1    | Found Miaroj's Distillery.
 23391 | Orc:1    | XOM: chaos upgrade
 23395 | Orc:1    | XOM: swap monsters
 23397 | Orc:1    | XOM: divine lightning
 23703 | Orc:1    | XOM: divination: magic mapping
 23760 | Orc:1    | Noticed an orc warlord
 23791 | Orc:1    | XOM: noise
 23888 | D:10     | XOM: divination: detect items
 23966 | D:10     | XOM: divination: detect creatures
 24140 | Orc:1    | Killed an orc warlord
 24196 | Orc:1    | XOM: summons 14 friendly demons
 24199 | Orc:1    | HP: 1/106 [orc high priest/divine providence (9)]
 24267 | Orc:1    | XOM: god gift: 1150 gold pieces
 24611 | Orc:2    | Entered Level 2 of the Orcish Mines
 24611 | Orc:2    | Found a staircase to the Elven Halls.
 24749 | Orc:1    | XOM: cloud trail
 24770 | Orc:2    | Noticed a stone giant
 24841 | Orc:2    | XOM: butterfly on damage
 25136 | Orc:1    | XOM: confuse monster(s)
 25651 | Orc:2    | XOM: 1-stop teleportation journey
 25855 | Orc:2    | XOM: harmless Air miscast
 25864 | Orc:2    | Killed a stone giant
 25864 | Orc:2    | Reached skill level 5 in Spellcasting
 25987 | Orc:2    | XOM: chaos upgrade
 25998 | Orc:2    | XOM: confusion
 26005 | Orc:2    | XOM: chaos cloud
 26149 | Orc:2    | XOM: blink monster(s)
 26336 | Orc:2    | Found Apopeori's Weapon Boutique.
 26336 | Orc:2    | Found Rurut's Gadget Shop.
 26338 | Orc:2    | Found Kungabe's Book Shop.
 26343 | Orc:2    | Found Honkia's Armour Boutique.
 26423 | Orc:2    | XOM: harmless Fire miscast
 26438 | Orc:2    | Bought a box of beasts for 260 gold pieces
 26438 | Orc:2    | Bought a lamp of fire for 520 gold pieces
 26439 | Orc:2    | Bought a book of Battle for 600 gold pieces
 26443 | Orc:2    | Learned a level 3 spell: Spectral Weapon
 26465 | Orc:2    | Bought a book of Minor Magic for 300 gold pieces
 26468 | Orc:2    | Learned a level 2 spell: Blink
 26472 | Orc:2    | Learned a level 3 spell: Conjure Flame
 26474 | Orc:2    | Bought a wand of paralysis (4) for 78 gold pieces
 26474 | Orc:2    | Bought a wand of clouds (9) for 507 gold pieces
 26514 | Orc:2    | XOM: summons 7 hostile demons
 26520 | Orc:2    | Upgraded the game from 0.21-a0-509-gecc5317 to 0.21-a0-513-gdcb3f5e
 26662 | Orc:2    | XOM: 2-stop teleportation journey
 26670 | Orc:2    | XOM: chaos upgrade
 26678 | Orc:2    | XOM: blink monster(s)
 26682 | Orc:2    | Reached skill level 1 in Fire Magic
 26686 | Orc:2    | XOM: polymorph orc -> river rat
 26796 | Orc:2    | XOM: harmless Ice miscast
 27031 | Orc:2    | XOM: 2-stop teleportation journey
 27083 | D:11     | XOM: cleaving
 27084 | D:11     | XOM: confusion (+ monsters)
 27132 | D:11     | Found a portal to a secret trove of treasure.
 27227 | D:11     | XOM: divination: magic mapping
 27422 | D:11     | XOM: silly message
 27423 | D:11     | XOM: enchant monster (good)
 27490 | D:11     | XOM: silly message
 27525 | D:11     | XOM: harmless Conj miscast
 27546 | D:11     | XOM: silly message
 27549 | D:11     | XOM: potion effect (agility)
 27566 | D:11     | XOM: silly message
 27668 | D:12     | XOM: potion effect (might)
 27824 | D:12     | Noticed a fire giant
 27903 | D:12     | Noticed a sphinx
 27920 | D:12     | Learned a level 1 spell: Summon Butterflies
 28009 | D:13     | XOM: silly message
 28105 | D:13     | Found Fuypp's Magic Scroll Shop.
 28112 | D:13     | Bought 2 scrolls of teleportation for 96 gold pieces
 28112 | D:13     | Bought a scroll of enchant weapon for 120 gold pieces
 28113 | D:13     | Bought a scroll of teleportation for 48 gold pieces
 28113 | D:13     | Bought a scroll of enchant weapon for 120 gold pieces
 28113 | D:13     | Bought a scroll of fear for 56 gold pieces
 28113 | D:13     | Bought a scroll of fear for 56 gold pieces
 28113 | D:13     | Bought a scroll of magic mapping for 56 gold pieces
 28113 | D:13     | Bought a scroll of torment for 120 gold pieces
 28124 | D:13     | Found a gate to the Vaults.
 28134 | D:13     | Reached skill level 1 in Summonings
 28135 | D:13     | XOM: potion effect (brilliance)
 28142 | D:13     | XOM: 7-stop teleportation journey
 28296 | D:13     | XOM: confuse monster(s)
 28305 | D:13     | XOM: summons friendly iron imp
 28326 | D:13     | Found Kaadaikh's Assorted Antiques.
 28343 | D:13     | Bought a scroll of teleportation for 75 gold pieces
 28343 | D:13     | Bought a pair of runed boots for 187 gold pieces
 28353 | D:13     | Identified a +0 pair of boots of running (You bought it in a shop on level 13 of the Dungeon)
 28354 | D:13     | Bought a small coral ring for 125 gold pieces
 28357 | D:13     | Bought a scroll of enchant weapon for 187 gold pieces
 28376 | D:13     | XOM: mild Necr miscast
 28430 | D:13     | XOM: confusion (+ monsters)
 28514 | D:13     | Reached XP level 15. HP: 76/112 MP: 14/25
 28555 | D:13     | Noticed Sonja
 28555 | D:13     | XOM: divine lightning
 28572 | D:13     | Killed Sonja
 28572 | D:13     | Reached skill level 1 in Hexes
 28686 | D:13     | Found Ypyd Sirch's Weapon Boutique.
 28732 | D:13     | XOM: harmless Ice miscast
 28912 | D:14     | Found a shattered altar of Ashenzari.
 28987 | D:14     | XOM: potion effect (curing)
 29024 | D:14     | XOM: noise
 29076 | D:14     | XOM: potion effect (brilliance)
 29092 | D:14     | XOM: harmless Conj miscast
 29166 | D:14     | XOM: silly message
 29292 | D:14     | XOM: harmless Air miscast
 29424 | D:14     | XOM: polymorph brown ugly thing -> ice dragon
 29443 | D:14     | Reached skill level 1 in Shields
 29447 | D:14     | XOM: cast spell 'Disjunction'
 29451 | D:14     | XOM: cast spell 'Monstrous Menagerie'
 29472 | D:14     | XOM: potion effect (brilliance)
 29477 | D:14     | XOM: god gift: meat ration
 29688 | D:14     | XOM: polymorph hippogriff -> wind drake
 29968 | D:14     | XOM: mild Summ miscast
 30150 | D:15     | Entered Level 15 of the Dungeon
 30209 | D:15     | XOM: divination: detect creatures
 30272 | D:15     | Found a staircase to the Depths.
 30278 | D:15     | Reached skill level 5 in Shields
 30298 | D:15     | Learned a level 6 spell: Deflect Missiles
 30343 | D:15     | Upgraded the game from 0.21-a0-513-gdcb3f5e to 0.21-a0-516-gaaff437
 30453 | D:15     | XOM: scenery: create altars
 30462 | D:15     | Reached skill level 4 in Air Magic
 30487 | D:15     | Identified the cursed +1 flail of the Hierophant {freeze, rPois} (You found it on level 15 of the Dungeon)
 30689 | D:15     | XOM: harmless Hex miscast
 30848 | D:15     | XOM: harmless Pois miscast
 30945 | D:15     | XOM: divination: magic mapping
 30951 | D:15     | Reached skill level 5 in Air Magic
 31024 | D:15     | XOM: harmless Fire miscast
 31291 | D:14     | Learned a level 4 spell: Summon Lightning Spire
 31366 | D:12     | XOM: cast spell 'Leda's Liquefaction'
 31379 | D:12     | XOM: harmless Tloc miscast
 31403 | D:12     | XOM: harmless Ice miscast
 31802 | D:12     | XOM: enchant monster (good)
 31827 | D:12     | XOM: cast spell 'Shadow Creatures'
 31836 | D:12     | Killed a fire giant
 32064 | D:12     | Reached skill level 6 in Air Magic
 32072 | D:12     | XOM: divination: detect creatures
 32157 | D:12     | XOM: summons 7 hostile demons
 32274 | D:12     | Killed a sphinx
 32509 | D:12     | XOM: harmless Ice miscast
 32517 | D:12     | XOM: enchant monster (good)
 32631 | D:10     | XOM: harmless Tmut miscast
 32754 | Shoals:1 | Entered Level 1 of the Shoals
 32764 | Shoals:1 | XOM: swap monsters
 32781 | Shoals:1 | XOM: swap monsters
 32987 | Shoals:1 | XOM: chaos cloud
 33003 | Shoals:1 | XOM: summons 7 friendly demons
 33017 | Shoals:1 | Reached skill level 7 in Air Magic
 33403 | Shoals:1 | Upgraded the game from 0.21-a0-516-gaaff437 to 0.21-a0-521-g1cd18d1
 33406 | Shoals:1 | XOM: harmless Chrm miscast
 33489 | Shoals:1 | Reached XP level 16. HP: 118/118 MP: 26/26
 33564 | Shoals:1 | XOM: 2-stop teleportation journey
 33598 | Shoals:1 | Reached skill level 8 in Air Magic
 33949 | Shoals:1 | XOM: mild Ice miscast
 33996 | Shoals:1 | XOM: god gift: dagger {god gift}
 34039 | Shoals:2 | XOM: harmless Ice miscast
 34042 | Shoals:2 | XOM: smoke on damage
 34081 | Shoals:2 | XOM: potion effect (invisibility)
 34086 | Shoals:2 | Noticed Polyphemus
 34104 | Shoals:2 | Noticed Polyphemus
 34104 | Shoals:2 | Polyphemus changed into Polyphemus the dire elephant
 34104 | Shoals:2 | XOM: polymorph Polyphemus -> Polyphemus the dire elephant
 34115 | Shoals:2 | Killed Polyphemus the dire elephant
 34115 | Shoals:2 | XOM: harmless Pois miscast
 34134 | Shoals:2 | XOM: divine lightning
 34155 | Shoals:2 | Reached skill level 9 in Air Magic
 34173 | Shoals:2 | XOM: mild Necr miscast
 34394 | Shoals:2 | Found a transporter.
 34413 | Shoals:2 | XOM: mild Air miscast
 34432 | Shoals:2 | Noticed a kraken
 34555 | Shoals:2 | Found a transporter.
 34608 | Shoals:2 | Killed a kraken
 34861 | Shoals:2 | XOM: severe Ice miscast
 34885 | Shoals:2 | XOM: polymorph harpy -> blink frog
 34886 | Shoals:2 | XOM: silly message
 34892 | Shoals:2 | XOM: enchant monster (good)
 35096 | Shoals:2 | Reached skill level 10 in Air Magic
 35168 | Shoals:2 | XOM: mild Erth miscast
 35236 | Shoals:2 | XOM: 1-stop teleportation journey
 35324 | Shoals:2 | Got a faintly glowing graven amulet
 35325 | Shoals:2 | Identified the amulet "Sutwirof" {Faith rC+ Dex+2 SInv} (You found it on level 2 of the Shoals)
 35339 | Shoals:2 | Got a fine gossamer ring
 35340 | Shoals:2 | Identified the ring "Ezaog" {Fire Int+7} (You found it on level 2 of the Shoals)
 35494 | Shoals:3 | Noticed a kraken
 35685 | Shoals:3 | XOM: severe Tloc miscast
 35697 | Shoals:3 | XOM: noise
 35906 | Shoals:3 | XOM: noise
 35974 | Shoals:3 | XOM: enchant monster (good)
 36152 | Shoals:3 | Killed a kraken
 36152 | Shoals:3 | Reached skill level 11 in Air Magic
 36201 | Shoals:3 | Noticed Roxanne
 36201 | Shoals:3 | XOM: summons 9 friendly demons
 36263 | Shoals:3 | XOM: summons friendly iron imp
 36265 | Shoals:3 | XOM: cleaving
 36278 | Shoals:3 | XOM: cleaving
 36289 | Shoals:3 | Killed Roxanne
 36290 | Shoals:3 | Identified Roxanne's Catalogue of Transformation (You took it off Roxanne on level 3 of the Shoals)
 36398 | Shoals:3 | XOM: medium Erth miscast
 36692 | Shoals:3 | XOM: 2-stop teleportation journey
 36699 | Shoals:4 | XOM: stealth player
 36699 | Shoals:4 | Entered Level 4 of the Shoals
 36699 | Shoals:4 | Noticed Mara
 36791 | Shoals:4 | XOM: confuse monster(s)
 36792 | Shoals:4 | XOM: destruction
 36797 | Shoals:4 | XOM: cast spell 'Death Channel'
 36803 | Shoals:4 | XOM: confuse monster(s)
 37087 | Shoals:2 | XOM: god gift: gnarled jewelled staff {god gift}
 37157 | Shoals:3 | XOM: god gift: glowing falchion {god gift}
 37220 | Shoals:4 | XOM: chaos upgrade
 37395 | Shoals:4 | XOM: chaos upgrade
 37628 | Shoals:2 | XOM: harmless Erth miscast
 37680 | Shoals:2 | XOM: cloud trail
 37753 | Shoals:3 | Noticed Lavandula's illusion
 37821 | Shoals:3 | XOM: enchant monster (good)
 37842 | Shoals:2 | Noticed Lavandula's illusion
 38200 | Shoals:4 | XOM: summons friendly ufetubus
 38250 | Shoals:4 | XOM: noise
 38279 | Shoals:4 | Noticed Ilsuiw
 38287 | Shoals:4 | XOM: summons 4 hostile shadow creatures
 38290 | Shoals:4 | XOM: enchant monster (bad)
 38449 | Shoals:4 | XOM: destruction
 38454 | Shoals:4 | XOM: summons 9 friendly demons
 38458 | Shoals:4 | Reached XP level 17. HP: 81/126 MP: 16/27
 38642 | Shoals:4 | XOM: blink monster(s)
 38770 | Shoals:4 | XOM: smoke on damage
 38772 | Shoals:4 | Reached skill level 10 in Fighting
 38783 | Shoals:4 | XOM: chaos upgrade
 38787 | Shoals:4 | XOM: noise
 38830 | Shoals:4 | Got a barnacled rune of Zot
 39284 | Shoals:4 | XOM: 3-stop teleportation journey
 39357 | Shoals:4 | XOM: medium Fire miscast
 39420 | Shoals:4 | XOM: summons 8 hostile demons
 39513 | Shoals:4 | XOM: confusion
 39519 | Shoals:4 | XOM: destruction
 39580 | Shoals:4 | XOM: cast spell 'Summon Ice Beast'
 39848 | Shoals:4 | XOM: enchant monster (bad)
 39971 | Shoals:4 | XOM: silly message
 40220 | Shoals:4 | XOM: enchant monster (bad)
 40223 | Shoals:4 | XOM: summons 6 friendly demons
 40238 | Shoals:4 | XOM: summons 2 friendly demons
 40240 | Shoals:4 | XOM: noise
 40244 | Shoals:4 | Reached skill level 5 in Summonings
 40248 | Shoals:4 | XOM: harmless Fire miscast
 40252 | Shoals:4 | XOM: mild Necr miscast
 40253 | Shoals:4 | Killed Ilsuiw
 40313 | Shoals:4 | XOM: potion effect (haste)
 40459 | Shoals:3 | XOM: god gift: 61 gold pieces
 40987 | Shoals:4 | XOM: harmless Tloc miscast
 41075 | Lair:4   | Upgraded the game from 0.21-a0-521-g1cd18d1 to 0.21-a0-522-ga8338f0
 41139 | Spider:1 | XOM: noise
 41139 | Spider:1 | Entered Level 1 of the Spider Nest
 41158 | Spider:1 | XOM: harmless Tmut miscast
 41163 | Spider:1 | XOM: summons friendly quasit
 41229 | Spider:1 | Noticed Agnes
 41240 | Spider:1 | Killed Agnes
 41536 | Spider:1 | XOM: summons friendly shadow imp
 41553 | Spider:1 | XOM: swap monsters
 41636 | Spider:1 | Noticed Asterion
 42012 | Spider:1 | XOM: confuse monster(s)
 42015 | Spider:1 | XOM: summons 3 hostile demons
 42137 | Spider:1 | XOM: smoke on damage
 42140 | Spider:1 | XOM: summons 5 friendly demons
 42148 | Lair:2   | Upgraded the game from 0.21-a0-522-ga8338f0 to 0.21-a0-525-ga34b322
 42437 | Elf:1    | Entered Level 1 of the Elven Halls
 42447 | Elf:1    | XOM: swap monsters
 42563 | Elf:1    | Found a magical portal.
 42567 | WizLab   | Entered The Hall of the Hellbinder
 42594 | WizLab   | XOM: noise
 42606 | WizLab   | XOM: summons 8 hostile demons
 42641 | WizLab   | Upgraded the game from 0.21-a0-525-ga34b322 to 0.21-a0-528-gf531e82
 42642 | WizLab   | XOM: polymorph neqoxec -> ynoxinul
 42654 | WizLab   | HP: 5/130 [balrug/demon whip of venom (25)]
 42658 | WizLab   | Noticed Eluahon
 42677 | WizLab   | HP: 1/130 [ice devil (7)]
 42731 | WizLab   | XOM: mild Conj miscast
 42736 | WizLab   | HP: 5/130 [balrug/fireball (11)]
 42745 | WizLab   | Quit the game

Vault maps used:
D:1:      noname_arrival_rooms_in_the_neighbourhood, hangedman_decor_slide_cut,
          st_stairs_2, nicolae_ashenzari_panopticon
D:2:      fountainhead, mrwooster_statue_mirror, minmay_misc_feat_encased,
          uniq_robin, uniq_jessica
D:4:      uniq_grinder
D:5:      first_bread, nemelex_spade_bored_becter, uniq_eustachio
D:6:      basic_altar
D:7:      temple_statues, uniq_crazy_yiuf_cottage
D:8:      lemuel_bear_cage, gammafunk_temple_overflow_pools, the_bakery,
          lightli_minifort, uniq_grum
D:9:      minivault_14
D:10:     erik_lair_orcish_takeover, erik_orc_3
D:11:     enter_bailey_3, enter_trove_5, minmay_misc_feat_rugged,
          nrook_loot_triangle, kennysheep_diamond
D:12:     minmay_outward_triangles, serial_undead, serial_undead_f,
          serial_undead_f, serial_undead_d, serial_undead_c
D:13:     erik_vaults_2, serial_shops, kennysheep_little_box,
          nicolae_shop_stone, shop, uniq_sonja
D:14:     grunt_decor_fettered, basic_altar, roderic_lattice_a
D:15:     gammafunk_enter_depths_forms, hangedman_decor_lopped,
          minmay_misc_feat_diagonals
Lair:1:   portal_ice_cave_entry_pillars_1, minmay_lair_oklob_chamber
Lair:2:   spider_nest_entry_web_field, minivault_19, grunt_megastairs_2,
          serial_bayou_shore_b
Lair:3:   mu_elephants_graveyard, serial_bayou_lake_a, lemuel_fruit_tree,
          uniq_fannar
Lair:4:   shoals_dummy_entry, uniq_kirke
Lair:5:   beast_lair_carwin_large_3, dpeg_slime_entry_corner,
          grunt_megastairs_3, serial_bayou_shore_b, uniq_rupert
Lair:6:   evilmike_catoblepas_cave
Shoals:1: nicolae_shoals_aquamancer_cove
Shoals:2: gammafunk_its_a_trap, uniq_polyphemus
Shoals:3: uniq_roxanne
Shoals:4: shoals_end_grunt_garden, shoals_ilsuiw_alternative,
          nicolae_shoals_siren_and_animal_friends, uniq_mara
Spider:1: nicolae_crawler_farm, uniq_agnes, uniq_asterion
Orc:1:    serial_shops, shop, elf_legates
Orc:2:    st_orc_mages, guppyfry_library_mini
Elf:1:    eino_elf_arrival_the_gate, portal_desolation_entry_nicolae_nacl,
          mu_enter_wizlab_7, evilmike_minifort
Bailey:   bailey_axe_3, bailey
IceCv:    ice_cave_caverns_03
WizLab:   wizlab_demon

Skill      XL: |  1  2  3  4  5  6  7  8  9 10 11 12 13 14 15 16 17 |
---------------+----------------------------------------------------+-----
Short Blades   | 3 4 5 6 7 8 10 | 10.0
Dodging        | 1 3 4 6 7 8 |  8.9
Fighting       | 4 5 8 9 10 | 10.8
Armour         | 5 6 9 |  9.1
Spellcasting   | 2 6 7 |  7.0
Charms         | 1 4 |  4.8
Evocations     | 4 |  4.8
Necromancy     | 4 |  4.1
Stealth        | 2 9 |  9.3
Translocations | 4 |  4.0
Conjurations   | 1 3 |  3.9
Air Magic      | 2 3 7 11 | 11.1
Poison Magic   | 2 3 |  3.7
Fire Magic     | 4 |  4.6
Summonings     | 3 8 |  8.1
Hexes          | 4 |  4.7
Shields        | 5 |  5.1

Action                   |  1- 3 |  4- 6 |  7- 9 | 10-12 | 13-15 | 16-18 || total
-------------------------+-------+-------+-------+-------+-------+-------++-------
Melee: Short sword       |   138 |   165 |   460 |       |       |       ||   763
       Falchion          |       |       |   154 |       |       |       ||   154
       Quarterstaff      |       |       |     4 |       |       |       ||     4
       Dagger            |       |       |       |   898 |  1697 |  1081 ||  3676
       Staff             |       |       |       |       |     1 |       ||     1
 Fire: Blowgun           |       |       |       |       |     3 |       ||     3
Throw: Javelin           |       |       |       |     1 |     6 |     5 ||    12
 Cast: Shroud of Golubri |       |       |       |    32 |    89 |    44 ||   165
       Animate Skeleton  |       |       |       |    61 |    78 |    41 ||   180
       Mephitic Cloud    |       |       |       |       |    69 |    31 ||   100
       Spectral Weapon   |       |       |       |       |    12 |     4 ||    16
       Conjure Flame     |       |       |       |       |     6 |       ||     6
       Summon Lightning  |       |       |       |       |    13 |    11 ||    24
       Blink             |       |       |       |       |     3 |    32 ||    35
       Deflect Missiles  |       |       |       |       |     2 |     3 ||     5
       Summon Butterflie |       |       |       |       |     1 |       ||     1
       Apportation       |       |       |       |       |       |     3 ||     3
 Abil: Evoke Invisibilit |       |       |       |     3 |     7 |    25 ||    35
Evoke: Wand              |       |       |     9 |    15 |    22 |     1 ||    47
       Lightning rod     |       |       |       |       |     4 |    12 ||    16
       Box of beasts     |       |       |       |       |     3 |       ||     3
       Lamp of fire      |       |       |       |       |     1 |     3 ||     4
       Sack of spiders   |       |       |       |       |     1 |       ||     1
       Phial of floods   |       |       |       |       |       |     2 ||     2
       Fan of gales      |       |       |       |       |       |     1 ||     1
  Use: Scroll            |     1 |     1 |    17 |    19 |    14 |    18 ||    70
 Stab: Confused          |     1 |     3 |     2 |     4 |    40 |     6 ||    56
       Paralysed         |       |     2 |     1 |       |     6 |       ||     9
       Distracted        |       |     1 |       |     1 |     5 |     4 ||    11
       Sleeping          |       |       |     1 |     8 |    21 |     2 ||    32
       Invisible         |       |       |       |     9 |    27 |    81 ||   117
       Petrified         |       |       |       |       |     3 |     3 ||     6
       Petrifying        |       |       |       |       |       |     2 ||     2
Armor: Leather armour    |    46 |    35 |    23 |       |       |       ||   104
       Ring mail         |       |       |   218 |   219 |   291 |   308 ||  1036
Dodge: Dodged            |    87 |    75 |   312 |   371 |   656 |   716 ||  2217
       Deflected         |       |       |       |       |     5 |    34 ||    39
Block: Buckler           |       |       |       |       |    75 |   307 ||   382
       Rpst.: Falchion   |       |       |    39 |       |       |       ||    39

Table legend:
 A = Spawn XP
 B = Non-spawn XP
 C = Spawn XP percentage of total XP
 D = Spawn monster count
 E = Non-spawn monster count
 F = Spawn count percentage of total count
 G = Total turns spent on level
                    A         B        C        D         E        F      G
               +---------+---------+-------+---------+---------+-------+---------
         Total |       0 |  264622 |   0.0 |       0 |    1028 |   0.0 | 42745
               +---------+---------+-------+---------+---------+-------+---------
           D:1 |       0 |      40 |   0.0 |       0 |      19 |   0.0 |   773
           D:2 |       0 |      22 |   0.0 |       0 |      11 |   0.0 |   264
           D:3 |       0 |     167 |   0.0 |       0 |      24 |   0.0 |  2118
           D:4 |       0 |     792 |   0.0 |       0 |      27 |   0.0 |  1036
           D:5 |       0 |     431 |   0.0 |       0 |      13 |   0.0 |  1083
           D:6 |       0 |     619 |   0.0 |       0 |      22 |   0.0 |  1020
           D:7 |       0 |    1237 |   0.0 |       0 |      34 |   0.0 |  1870
           D:8 |       0 |    1691 |   0.0 |       0 |      23 |   0.0 |  1603
           D:9 |       0 |    2769 |   0.0 |       0 |      31 |   0.0 |  1698
          D:10 |       0 |    2769 |   0.0 |       0 |      51 |   0.0 |  1619
          D:11 |       0 |    6214 |   0.0 |       0 |      36 |   0.0 |  1509
          D:12 |       0 |   11028 |   0.0 |       0 |      40 |   0.0 |   925
          D:13 |       0 |   11574 |   0.0 |       0 |      30 |   0.0 |   897
          D:14 |       0 |   15162 |   0.0 |       0 |      27 |   0.0 |  1443
          D:15 |       0 |   15452 |   0.0 |       0 |      33 |   0.0 |  1074
        Lair:1 |       0 |    4587 |   0.0 |       0 |      28 |   0.0 |  1381
        Lair:2 |       0 |    2589 |   0.0 |       0 |      15 |   0.0 |  1149
        Lair:3 |       0 |    9272 |   0.0 |       0 |      27 |   0.0 |  1247
        Lair:4 |       0 |    3177 |   0.0 |       0 |      18 |   0.0 |  1404
        Lair:5 |       0 |    9020 |   0.0 |       0 |      26 |   0.0 |  1246
        Lair:6 |       0 |   17588 |   0.0 |       0 |      44 |   0.0 |  1839
      Shoals:1 |       0 |   14117 |   0.0 |       0 |      33 |   0.0 |  1575
      Shoals:2 |       0 |   21998 |   0.0 |       0 |      45 |   0.0 |  2089
      Shoals:3 |       0 |   23289 |   0.0 |       0 |      47 |   0.0 |  2916
      Shoals:4 |       0 |   38424 |   0.0 |       0 |      71 |   0.0 |  1740
      Spider:1 |       0 |   10966 |   0.0 |       0 |      28 |   0.0 |   541
         Orc:1 |       0 |   12275 |   0.0 |       0 |      89 |   0.0 |  2655
         Orc:2 |       0 |    9994 |   0.0 |       0 |      78 |   0.0 |  1793
         Elf:1 |       0 |    7851 |   0.0 |       0 |      13 |   0.0 |   130
        Bailey |       0 |       5 |   0.0 |       0 |       4 |   0.0 |    95
         IceCv |       0 |    6045 |   0.0 |       0 |      35 |   0.0 |  1835
        WizLab |       0 |    3458 |   0.0 |       0 |       6 |   0.0 |   178
               +---------+---------+-------+---------+---------+-------+---------
